[Event "Romanian Team Blitz Open 2022"]
[Site "Sebes"]
[Date "2022.12.04"]
[Round "7.26"]
[White "Murariu, Andrei"]
[Black "Badau, Iancu-Daniel"]
[Result "1-0"]
[ECO "C42"]
[WhiteElo "2493"]
[BlackElo "1792"]
[Annotator "TA"]
[PlyCount "57"]
[EventDate "2022.12.04"]
[EventType "blitz"]
[EventCountry "ROU"]
[SourceTitle "playchess.com"]
[Source "ChessBase"]
[SourceQuality "1"]
[TimeControl "180+2"]

1. e4 e5 2. Nf3 Nf6 3. Nxe5 Nc6 4. Nxc6 dxc6 5. d3 Bc5 {[%emt 0:00:05] [#] Strongly threatening ...Ng4.} 6. Be2 {[%emt 0:00:31] Against Ng4. C42: Petroff Defence: 3 Nxe5 and unusual White 3rd moves.} h5 (6... Ng4 $16 7. Bxg4 Qh4) 7. Be3 $2 (7. c3 $18) 7... Bxe3 $14 8. fxe3 {[%emt 0:00:02] White is slightly better.} Ng4 9. Qd2 (9. Bxg4 {simplifies} hxg4 10. g3 Qd6 11. Nc3) 9... Qg5 10. Bxg4 Bxg4 11. Nc3 O-O-O 12. h3 Be6 13. O-O-O Qa5 {[%emt 0:00:12] [#]} 14. Kb1 $146 ({Predecessor:} 14. a3 Rd7 15. Ne2 Qe5 16. Nf4 Rhd8 17. Rhf1 g6 18. Qc3 Qd6 19. Nxe6 Qxe6 20. Rf6 {½-½ (56) Tregubov,P (2539)-Pranav,V (2481) Chess.com INT 2022}) 14... c5 15. Qe1 Rd6 16. b3 Ra6 17. Na4 (17. a4 $142) 17... Qb5 18. c4 Qc6 (18... Qb4 $16 {was called for.}) 19. Qg3 $18 Rxa4 (19... Rg8 {keeps fighting.} 20. Qg5 Qd6 21. Qxh5 (21. Nxc5 f6 $11) 21... b6) 20. bxa4 Qxa4 (20... Rg8 {was worth a try.} 21. Qe5 Qb6+ 22. Ka1 Qa5) 21. Qxg7 Rd8 22. Qc3 b5 23. Qb3 Qxb3+ 24. axb3 {[%emt 0:00:02] KRR-KRB} b4 25. Rhf1 {[%emt 0:00:03] White is clearly winning.} Rg8 26. Rf2 Rg3 27. Re1 h4 28. Ree2 a5 29. Rf4 {[%emt 0:00:05] Weighted Error Value: White=0.17 (very precise) /Black=0.35} 1-0

[Event "Romanian Team Blitz Open 2022"]
[Site "Sebes"]
[Date "2022.12.04"]
[Round "7.27"]
[White "Denes, Attila-Norbert"]
[Black "Grecescu, Gabriel-Andrei"]
[Result "0-1"]
[ECO "B25"]
[WhiteElo "1755"]
[BlackElo "2388"]
[Annotator "TA"]
[PlyCount "45"]
[EventDate "2022.12.04"]
[EventType "blitz"]
[EventCountry "ROU"]
[SourceTitle "playchess.com"]
[Source "ChessBase"]
[SourceQuality "1"]
[TimeControl "180+2"]

1. e4 c5 2. Nc3 Nc6 3. f4 g6 4. Nf3 Bg7 5. g3 d6 6. d3 e6 7. Be3 Nd4 8. Bg2 Ne7 9. Bxd4 {[%emt 0:00:08] B25: Closed Sicilian: 3 g3, lines without early Be3.} (9. O-O $11) 9... cxd4 $15 10. Ne2 e5 11. Qd2 {[%emt 0:00:35] Black is slightly better.} O-O {[%emt 0:00:03] [#]} 12. fxe5 $146 (12. O-O $15) ({Predecessor:} 12. f5 d5 13. g4 dxe4 14. dxe4 Qb6 15. O-O-O Bd7 16. h4 Rfc8 17. Ng3 Nc6 18. a3 {0-1 (25) Klein,O-Fuess,F Traben Trarbach 1993}) 12... dxe5 $17 13. O-O h6 14. h3 (14. c3 $15) 14... Be6 15. Nh2 (15. c3 $17 {was worth a try.}) 15... Qd7 16. g4 Rac8 17. Ng3 (17. c3 $17) 17... Rc7 18. Rac1 Qa4 ({Black should play} 18... Rfc8 $19 {Strongly threatening ...Qa4.} 19. Nf3 Bxa2) 19. h4 {[%emt 0:00:14] Loses the game.} (19. Nf5 $17) 19... Qxa2 ({And not} 19... Bxa2 20. Ra1 $15) 20. g5 (20. Nf5 $142 gxf5 21. gxf5) 20... h5 ({Worse is} 20... Qxb2 21. gxh6 Bh8 22. Nf3 $17) 21. Ra1 Qxb2 22. Rxa7 $2 {[%emt 0:00:03] [#]} (22. Rfb1 Qxc2 23. Qxc2 Rxc2 24. Rxa7) 22... Rxc2 $19 23. Qxc2 {[%emt 0:00:10] Weighted Error Value: White=0.82/Black=0.27 (precise)} 0-1

[Event "Romanian Team Blitz Open 2022"]
[Site "Sebes"]
[Date "2022.12.04"]
[Round "7.28"]
[White "Cnejev, Vladimir-Alexandru"]
[Black "Serban, Cristian-Stefan"]
[Result "1-0"]
[ECO "C78"]
[WhiteElo "2293"]
[BlackElo "2131"]
[Annotator "TA"]
[PlyCount "51"]
[EventDate "2022.12.04"]
[EventType "blitz"]
[EventCountry "ROU"]
[SourceTitle "playchess.com"]
[Source "ChessBase"]
[SourceQuality "1"]
[TimeControl "180+2"]

1. e4 e5 2. Nf3 Nc6 3. Bb5 a6 4. Ba4 b5 5. Bb3 Nf6 6. O-O Bc5 7. c3 d6 8. d4 exd4 9. cxd4 Bb6 10. h3 {[%emt 0:00:10] [#] Inhibits Bg4. C78: Ruy Lopez: Archangelsk and Möller Defences.} (10. Nc3 $5 ) 10... Be6 $146 {[%emt 0:00:02][%mdl 8192] [#]} (10... Bb7 $14) ({Predecessor:} 10... h6 11. Re1 O-O 12. Nc3 Ne7 13. e5 Ne8 14. Bf4 Ng6 15. Bg3 dxe5 16. dxe5 Bf5 17. Nd5 c6 18. Nxb6 Qxb6 19. Qd4 c5 {1-0 (50) Vasli,A (2384)-Liyanage,R (2203) Chess.com INT 2021}) 11. d5 $18 Bd7 12. dxc6 {[%emt 0:00:01] White is winning.} Bxc6 13. Bd5 Bxd5 14. exd5 O-O 15. Bg5 h6 16. Bh4 Re8 17. Nc3 Rc8 (17... g5 $142 18. Bg3 b4) 18. Qd3 c5 19. dxc6 Rxc6 20. Rae1 Bc5 21. Nd5 Nxd5 22. Bxd8 Rxd8 23. Qxd5 Rcc8 24. Re7 Re8 25. Qxf7+ Kh8 26. Qxg7# {[%emt 0:00:02] Black got outplayed after the opening.   Weighted Error Value: White=0.31/Black=1.14} 1-0

[Event "Romanian Team Blitz Open 2022"]
[Site "Sebes"]
[Date "2022.12.04"]
[Round "7.29"]
[White "Butuza, Stefan Aurelian"]
[Black "Macarie, Maia-Elisabeta"]
[Result "0-1"]
[ECO "B22"]
[WhiteElo "1529"]
[BlackElo "1100"]
[Annotator "NA RC COMBH"]
[PlyCount "126"]
[EventDate "2022.12.04"]
[EventType "blitz"]
[EventCountry "ROU"]
[SourceTitle "playchess.com"]
[Source "ChessBase"]
[SourceQuality "1"]
[TimeControl "180+2"]

1. e4 c5 2. c3 Nc6 3. d4 cxd4 4. cxd4 e6 5. Nf3 a6 6. Nc3 d5 7. exd5 exd5 8. Be3 Nf6 9. Be2 Be7 10. O-O O-O 11. a3 Bd7 12. Qd3 Re8 13. Rac1 Qc8 14. Na4 Bf5 15. Qb3 Qd7 16. Nb6 Qc7 17. Nxa8 Rxa8 18. Ne5 Bd6 19. f4 Ne4 20. Bd3 Rc8 21. Nxc6 bxc6 22. Bxa6 Rb8 23. Qa2 Qb6 24. Bd3 Qxb2 25. Qxb2 Rxb2 26. Bxe4 Bxe4 27. Rxc6 Rxg2+ 28. Kh1 Rc2+ 29. Kg1 Rxc6 30. Ra1 Ra6 31. a4 h6 32. Kf2 Kh7 33. Ke2 Ra5 34. Kd2 Kg6 35. Kc3 Kf5 36. Kb3 g5 37. fxg5 hxg5 38. Rf1+ Kg6 39. Rg1 f6 40. h4 Ra8 41. hxg5 Rb8+ 42. Ka2 f5 43. Rc1 Bg3 44. Rc6+ Kh5 45. Rh6+ Kg4 46. g6 f4 47. Bd2 Rg8 48. a5 f3 49. a6 f2 50. a7 f1=Q 51. g7 Qc4+ 52. Kb2 Qd3 53. Rh8 Qc2+ 54. Ka3 Qd3+ 55. Kb2 Qb5+ 56. Ka2 Qa6+ 57. Kb2 Qb6+ 58. Ka2 Qb1+ 59. Ka3 Bd6+ 60. Ka4 Qa1+ 61. Kb5 Bd3+ 62. Kc6 Qa6+ 63. Kd7 Bf5# 0-1

[Event "Romanian Team Blitz Open 2022"]
[Site "Sebes"]
[Date "2022.12.04"]
[Round "7.30"]
[White "Burja-Udrea, Razvan-Andrei"]
[Black "Tatar, Marius Lucian"]
[Result "1-0"]
[ECO "C54"]
[WhiteElo "1365"]
[BlackElo "1405"]
[Annotator "NA RC COMBH"]
[PlyCount "85"]
[EventDate "2022.12.04"]
[EventType "blitz"]
[EventCountry "ROU"]
[SourceTitle "playchess.com"]
[Source "ChessBase"]
[SourceQuality "1"]
[TimeControl "180+2"]

1. e4 e5 2. Nf3 Nc6 3. Bc4 Bc5 4. c3 Nf6 5. d4 exd4 6. e5 d5 7. exf6 dxc4 8. fxg7 Rg8 9. cxd4 Nxd4 10. Nxd4 Qxd4 11. Qe2+ Be6 12. Be3 Qd6 13. Bxc5 Qxc5 14. Nc3 O-O-O 15. Qe3 Qxe3+ 16. fxe3 Rxg7 17. Kf2 Rd3 18. Rad1 Rg8 19. Rxd3 cxd3 20. Rd1 Rd8 21. e4 Bg4 22. Rd2 c5 23. b3 f5 24. h3 Bh5 25. exf5 Bf7 26. Ke3 c4 27. bxc4 Bxc4 28. Ne4 Re8 29. Kd4 Kc7 30. Kxc4 Rxe4+ 31. Kd5 Rf4 32. Ke5 Ra4 33. Rxd3 Rxa2 34. f6 Rxg2 35. f7 Rf2 36. Ke6 a5 37. Rd5 b6 38. Rf5 Re2+ 39. Kf6 a4 40. f8=Q b5 41. Qc5+ Kd8 42. Rd5+ Ke8 43. Qc8# 1-0

[Event "Romanian Team Blitz Open 2022"]
[Site "Sebes"]
[Date "2022.12.04"]
[Round "7.32"]
[White "Simina, Andrei-Petru"]
[Black "Olariu-Chilut, Sofia"]
[Result "1-0"]
[ECO "D06"]
[WhiteElo "1033"]
[BlackElo "1065"]
[Annotator "NA RC COMBH"]
[PlyCount "42"]
[EventDate "2022.12.04"]
[EventType "blitz"]
[EventCountry "ROU"]
[SourceTitle "playchess.com"]
[Source "ChessBase"]
[SourceQuality "1"]
[TimeControl "180+2"]

1. d4 d5 2. c4 Nf6 3. cxd5 Nxd5 4. Nf3 Nf6 5. Bf4 e6 6. e3 Be7 7. Nc3 Nbd7 8. Nb5 O-O 9. Nxc7 Rb8 10. Nxe6 Qa5+ 11. Nd2 fxe6 12. Bxb8 Nxb8 13. Be2 Nc6 14. O-O Bd7 15. Nc4 Qd8 16. Qb3 Ne4 17. Qxb7 Qc8 18. Qb3 Qb8 19. Qc2 Nf6 20. Bf3 Qc7 21. Ne5 Qd8 1-0

[Event "Romanian Team Blitz Open 2022"]
[Site "Sebes"]
[Date "2022.12.04"]
[Round "8.1"]
[White "Ardelean, George-Catalin"]
[Black "Lupulescu, Constantin"]
[Result "1-0"]
[ECO "D00"]
[WhiteElo "2473"]
[BlackElo "2591"]
[Annotator "TA"]
[PlyCount "21"]
[EventDate "2022.12.04"]
[EventType "blitz"]
[EventCountry "ROU"]
[SourceTitle "playchess.com"]
[Source "ChessBase"]
[SourceQuality "1"]
[TimeControl "180+2"]

1. d4 d5 2. Bf4 c5 3. Nc3 Nc6 4. e4 cxd4 5. exd5 dxc3 6. dxc6 {[%emt 0:00:01] D00: 1 d4 d5: Unusual lines.} Qxd1+ (6... cxb2 $2 7. Qxd8+ Kxd8 8. Rd1+ $18) 7. Rxd1 {[%emt 0:00:03] [#] White wants to mate with cxb7.} bxc6 8. Bc7 Bb7 9. bxc3 {[%emt 0:00:06] [#]} Rc8 $146 (9... Nf6 $11 {keeps the balance.}) ({Predecessor:} 9... Nf6 10. Nf3 Nd5 11. Rxd5 Rc8 12. Ra5 Rxc7 13. Rxa7 Kd8 14. Ne5 e6 15. Ba6 Bd6 16. Bxb7 Bxe5 {½-½ (45) Malassagne,R (2285)-Salomon,J (2502) Paleochora 2021}) 10. Ba5 $16 {[%emt 0:00:00] Black must now prevent Rb1. White is much more active.} e5 $2 {[%emt 0:00:04][%mdl 8192] [#]} (10... Ra8 $16) 11. Rb1 {[%emt 0:00:07] White took control after the opening.   Weighted Error Value: White=0.00 (flawless) /Black=0.98} 1-0

[Event "Romanian Team Blitz Open 2022"]
[Site "Sebes"]
[Date "2022.12.04"]
[Round "8.2"]
[White "Jianu, Vlad-Cristian"]
[Black "Murariu, Andrei"]
[Result "1-0"]
[ECO "A12"]
[WhiteElo "2516"]
[BlackElo "2493"]
[Annotator "TA"]
[PlyCount "50"]
[EventDate "2022.12.04"]
[EventType "blitz"]
[EventCountry "ROU"]
[SourceTitle "playchess.com"]
[Source "ChessBase"]
[SourceQuality "1"]
[TimeControl "180+2"]

1. Nf3 d5 2. g3 Nf6 3. Bg2 c6 4. b3 Bf5 5. Bb2 e6 6. c4 Nbd7 {[%emt 0:00:05] 6...h6 is the hot move.} 7. O-O Bd6 8. d3 h6 {[%emt 0:00:03] A12: English Opening: 1...c6 with b3 by White.} (8... O-O $11) 9. Nbd2 (9. cxd5 $1 $16 cxd5 10. e4) 9... Qe7 (9... Bg6 $11 {remains equal.}) 10. cxd5 $16 cxd5 {[%emt 0:00:07] White is clearly better.} 11. Nd4 {[%emt 0:00:05] [#]} ({Only move:} 11. e4 $1 $16 dxe4 12. dxe4) 11... O-O $146 ({Predecessor:} 11... Bh7 12. Nb5 O-O 13. Nxd6 Qxd6 14. Nf3 e5 15. Qd2 Rfe8 16. Rac1 Qa6 17. a3 e4 18. dxe4 dxe4 {1-0 (24) Horowitz,I-Hassialis,M New York 1933}) 12. Nxf5 exf5 13. Nf3 f4 14. Qd2 fxg3 15. hxg3 Ng4 (15... Bb4 $11 16. Qd1 Rac8) 16. Qc3 Nde5 (16... Ndf6 $14) 17. Nxe5 $1 Bxe5 18. d4 Bd6 19. Bxd5 Qg5 (19... Nf6 $16) 20. Qf3 $1 $18 ({Stronger than} 20. Bxb7 {[#]} Qh5 $1 21. Kg2 Qh2+ 22. Kf3 Nxf2 $1 $17) 20... Rac8 21. Rac1 {[%emt 0:00:04] Prevents Rc2.} Rxc1 22. Bxc1 {[%emt 0:00:08] A strong pair of Bishops.} Qh5 23. Qh1 {[%emt 0:00:03] Against Qh2+} (23. Bxb7 $2 Qh2#) 23... Qf5 (23... Qxh1+ {is a better defense.} 24. Bxh1 b6) 24. e4 ({Resist} 24. Bxb7 Qa5 25. e4 Qxa2 $18) 24... Qg6 25. e5 ({Don't play} 25. Bxb7 Bb4 26. e5 Bc3 $18) 25... Be7 {[%emt 0:00:07] Weighted Error Value: White=0.16 (very precise) /Black=0.49} 1-0

[Event "Romanian Team Blitz Open 2022"]
[Site "Sebes"]
[Date "2022.12.04"]
[Round "8.3"]
[White "Grecescu, Gabriel-Andrei"]
[Black "Parligras, Mircea-Emilian"]
[Result "0-1"]
[ECO "A13"]
[WhiteElo "2388"]
[BlackElo "2567"]
[Annotator "TA"]
[PlyCount "148"]
[EventDate "2022.12.04"]
[EventType "blitz"]
[EventCountry "ROU"]
[SourceTitle "playchess.com"]
[Source "ChessBase"]
[SourceQuality "1"]
[TimeControl "180+2"]

1. c4 e6 2. Nf3 d5 3. b3 d4 4. e3 c5 5. b4 dxe3 6. fxe3 {[%emt 0:00:01] A13: English Opening: 1...e6.} cxb4 7. Bb2 Nf6 {[%emt 0:00:02] [#]} 8. Be2 $146 {[%emt 0:00:04] Black is slightly better.} ({Predecessor:} 8. d4 Nbd7 9. Be2 b6 10. Qd3 Bb7 11. Nbd2 Qc7 12. O-O Bd6 13. e4 e5 14. c5 {1-0 (32) Deshmukh,A (2201)-Ostojic,N (2338) Arandjelovac 2021}) 8... Be7 9. O-O O-O 10. a3 bxa3 11. Nxa3 b6 12. Nb5 a6 $1 13. Be5 Ne8 {[%emt 0:00:01] Inhibits Bc7.} 14. Nbd4 Bb7 $1 15. Qb1 Nd7 16. Bg3 Nef6 (16... Bd6 $17 {Strongly threatening ...Bxg3.} 17. Bd3 g6) 17. Bd3 h6 18. Ne5 Nxe5 19. Bxe5 Rc8 20. Ra2 ({White should try} 20. Be2) 20... Rc5 (20... Ng4 $142 21. Bg3 Bd6 22. Bh7+ Kh8) 21. Bg3 Rg5 22. Rb2 Bc5 23. Nf3 {[%emt 0:00:01] [#]} Bxf3 (23... Rxg3 $1 $17 24. hxg3 Qd6) 24. Rxf3 $15 Rh5 (24... a5 $15) 25. Be2 $1 $14 {[%emt 0:00:07][%cal Of3f6] This pair of bishops is nice.} Rf5 26. Rxf5 (26. d4 $1 $16 Bd6 27. Bxd6 (27. Rxb6 Bxg3 28. hxg3 Ne4 $11) 27... Rxf3 28. Bxf3 (28. Bxf8 Rxe3 29. Bc5 Rxe2 $11) 28... Qxd6 29. Rxb6) 26... exf5 27. d4 (27. Qxf5 {keeps more tension.} Re8 28. Be5 Re6 29. d4) 27... Bd6 28. Qxf5 (28. Bxd6 $14 Qxd6 29. Rxb6 (29. Qxf5 Qa3 $17)) 28... Bxg3 $15 29. hxg3 Re8 30. Rb3 Ne4 (30... g6 $15 31. Qf4 Kg7) 31. Bd3 g6 32. Qf4 Nf6 33. g4 (33. Qxh6 $11 Ng4 34. Qf4 Nxe3 35. Bxg6 $1 fxg6 36. Rxe3) 33... Kg7 34. g5 {[%emt 0:00:01] Against a5} hxg5 35. Qxg5 Qd6 36. Rb1 Rh8 (36... Qe6 $15) 37. Qe5 (37. Qf4 $11 Qxf4 38. exf4) 37... Qxe5 $17 38. dxe5 {[%emt 0:00:01][%mdl 4096] Endgame KRB-KRN} Nd7 39. Ra1 Nxe5 40. Bf1 (40. Be2 $17) 40... a5 $19 41. c5 (41. Rb1 {is a better defense.}) 41... bxc5 42. Rxa5 {[%emt 0:00:00] [#]} Rc8 43. Kf2 Kf6 44. Ke1 Rc6 45. Be2 c4 46. Kd2 g5 ({Better is} 46... Rd6+ $19 47. Kc2 Kf5) 47. Kc3 $15 Ke6 48. Bd1 f6 49. Be2 (49. Bc2 $11) 49... Rc7 ({Black should play} 49... Rb6 $17 {...Rb3+ is the strong threat.} 50. Bxc4+ Nxc4 51. Kxc4 Rb2) 50. Bf1 $2 {[%emt 0:00:01] [#]} (50. Bf3 $11 {and White stays safe.}) 50... Rd7 (50... Kf5 $1 $19 {is more deadly.} 51. Ra6 Ng4 52. e4+ Kxe4) 51. Ra6+ Kf5 {[%emt 0:00:01] Black is more active.} 52. Be2 {[%emt 0:00:01] Prevents Rd1.} (52. g4+ $17 {was necessary.} Nxg4 53. Bxc4) 52... Rh7 $2 (52... g4 $19 53. g3 Rd8 54. e4+ Kg5) 53. g4+ (53. Bd1 $17 Rf7 54. Bc2+ Kg4 55. Be4) 53... Nxg4 $19 54. Bxc4 {[%emt 0:00:02] And now Bd3+ would win.} Rh3 $2 (54... Nxe3 $2 55. Bd3+ Ke5 56. Bxh7 $18) (54... Ne5 $19 {Threatens to win with ...Rc7.} 55. Bd3+ Nxd3 56. Kxd3 Rd7+ 57. Ke2 Re7) 55. Be6+ $11 {[%emt 0:00:01][%mdl 64] Deflection} Ke5 56. Bxg4 Rxe3+ {[%emt 0:00:01] KRB-KR} 57. Kd2 Rg3 58. Be2 f5 59. Ke1 Rb3 60. Kf2 g4 61. Ra4 Kf6 62. Ra5 Kg5 63. Bd1 Rb2+ 64. Kg3 Rd2 (64... Rb4 $11) 65. Ba4 (65. Bxg4 $14 Rd3+ 66. Bf3) 65... Rd3+ {[%emt 0:00:03][%mdl 1024] Black has compensation.} (65... Ra2 $5) 66. Kg2 Ra3 67. Ra6 f4 68. Bb5 Rb3 {[%emt 0:00:02] White must now prevent ...Rb2+.} 69. Bf1 Rb2+ 70. Kg1 Kh4 71. Ra3 f3 {[%emt 0:00:01] Black has an edge.} 72. Ra8 Kg3 73. Ra7 Rb1 {[%emt 0:00:13] ( -> ...f2+)} 74. Ra2 {[%emt 0:00:02] Against f2+} Rc1 {[%mdl 32768] Weighted Error Value: White=0.34/Black=0.29 (precise) . Loss on time!?} 0-1

[Event "Romanian Team Blitz Open 2022"]
[Site "Sebes"]
[Date "2022.12.04"]
[Round "8.4"]
[White "Gavrilescu, David"]
[Black "Cnejev, Vladimir-Alexandru"]
[Result "1-0"]
[ECO "C30"]
[WhiteElo "2523"]
[BlackElo "2293"]
[Annotator "TA"]
[PlyCount "121"]
[EventDate "2022.12.04"]
[EventType "blitz"]
[EventCountry "ROU"]
[SourceTitle "playchess.com"]
[Source "ChessBase"]
[SourceQuality "1"]
[TimeControl "180+2"]

1. Nc3 Nf6 2. e4 e5 3. Bc4 Bc5 4. d3 Nc6 5. f4 d6 6. Nf3 Bg4 7. Na4 Bb6 8. Nxb6 axb6 9. O-O O-O 10. c3 exf4 {[%emt 0:00:14] C30: King's Gambit Declined.} 11. Bxf4 d5 12. exd5 Nxd5 {[%emt 0:00:01] White has an edge.} 13. Bxd5 Qxd5 14. Bxc7 {[%emt 0:00:06] [#]} b5 $146 ({Predecessor:} 14... Rxa2 15. Rxa2 Qxa2 16. Qc2 Qa5 17. Qf2 Qd5 18. Qxb6 Qxd3 19. Qxb7 Qe3+ 20. Rf2 Qc1+ {1-0 (34) Ronka,E (2325)-Terletsky,O (2176) Chess.com INT 2022}) 15. a3 Rac8 16. Bg3 Rfe8 17. Qd2 Rcd8 18. d4 (18. Qf4 {keeps more tension.} Bf5 19. d4 Re2 20. Rf2) 18... Bxf3 (18... Bd7 $14) 19. Rxf3 $16 Na5 20. Qf2 {[%emt 0:00:08] aiming for Rf5.} (20. Qc2 {looks sharper.} Qc6 21. b3 b6 22. Rb1) 20... Rd7 $2 (20... Qd7 $16) 21. Re1 (21. Rf5 $18 {and White stays clearly on top.} Qc6 22. Rc5) 21... Rde7 (21... Rxe1+ $16 22. Qxe1 h6) 22. Rfe3 $2 (22. Rxe7 $18 {is the precise move to win.} Rxe7 23. Rf5) 22... Rxe3 23. Rxe3 Rxe3 24. Qxe3 {[%emt 0:00:02][%cal Re3e8][%mdl 4096] [#] Endgame KQB-KQN} h6 25. Be5 ({White should try} 25. Qe5 $16 Qxe5 26. Bxe5) 25... Nc4 (25... Qb3 $11 {remains equal.}) 26. Qg3 g6 27. Qf4 h5 (27... Qe6 $16 {keeps fighting.}) 28. Qf6 {[%emt 0:00:08][%csl Ge5][%cal Rf6g7] [#]} Nxe5 29. Qxe5 {[%emt 0:00:01] KQ-KQ} (29. dxe5 Qd1+ 30. Qf1 Qd2 $14) 29... Qc4 30. Kf2 {[%emt 0:00:02] White is more active.} Qd3 31. Qe2 {[%emt 0:00:02] Inhibits Qc2.} Qf5+ 32. Ke3 Qg5+ 33. Kd3 {[%emt 0:00:01] Threatens to win with Qe8+.} Qf5+ 34. Kd2 (34. Qe4 $16 {Qxf5 is the strong threat.} Qf2 35. Qe2 (35. Qxb7 Qxb2 36. Qb8+ Kh7 $11) 35... Qf5+ 36. Qe4) 34... Qf4+ $14 35. Kc2 Qxh2 {[%emt 0:00:01] White now steadily converts the win.} 36. d5 (36. Qxb5 Qxg2+ 37. Kb3 Qf3 38. Qe8+ Kg7 $15) 36... Qd6 $2 ({Black should play} 36... h4 $14) 37. Qxb5 $18 Qe7 38. Qd3 {[%emt 0:00:03] Black must now prevent d6.} Kg7 $2 (38... Qd6 39. b4 Kf8) 39. d6 Qd7 40. Qd4+ f6 41. c4 {[%emt 0:00:01][%cal Bc3c4,Bc4c5][%mdl 32] Prevents h4.} g5 42. c5 Qf5+ $2 (42... h4 43. Qd5 g4) 43. Kc3 {[%emt 0:00:01] Strongly threatening d7.} Qd7 44. Qe4 Kf7 (44... h4 $18 45. Kd4 g4) 45. Qh7+ Ke6 46. Qxd7+ Kxd7 {[%emt 0:00:01] KP-KP} 47. Kd4 (47. Kd3 $142 b6 48. cxb6 Kxd6 49. a4 h4 50. a5 Kc6 51. b4 g4 52. b5+ Kd7 53. a6) 47... Ke6 48. b4 f5 49. b5 h4 50. Ke3 b6 51. cxb6 Kxd6 52. a4 Kd7 53. a5 Kc8 54. a6 g4 55. Kf4 Kb8 56. b7 (56. Kxf5 h3 57. g3 h2 58. Kxg4 h1=Q 59. Kg5 Qc1+ 60. Kg4 Qc4+ 61. Kf5 Qxb5+ 62. Kf4 Qxb6 63. Kf5 Qf2+ 64. Kg6 Qxg3+ 65. Kf6 Ka7 66. Kf5 Kxa6 67. Ke4 Kb5 68. Kf5 Kc5 69. Ke4 Qg4+ 70. Ke5 Kc6 71. Kf6 Kd6 72. Kf7 Qg5 73. Kf8 Ke6 74. Ke8 Qg8#) 56... Ka7 57. Ke5 (57. Kxf5 h3 58. g3 h2 59. Kg5 h1=Q 60. b6+ Kb8 61. Kxg4 Qg1 62. a7+ Kxb7 63. Kf4 Qxb6 64. a8=R Kxa8 65. g4 Qf6+ 66. Ke3 Kb7 67. Kd3 Kc6 68. Ke3 Kc5 69. Ke4 Qg5 70. Kd3 Qxg4 71. Kd2 Qf3 72. Ke1 Kc4 73. Kd2 Qf2+ 74. Kd1 Kc3 75. Kc1 Qg1#) 57... h3 58. Kd6 (58. Kxf5 hxg2 59. Kxg4 g1=Q+ 60. Kf4 Qf1+ 61. Kg3 Qxb5 62. Kf3 Kxa6 63. b8=B Qxb8 64. Kg4 Qb3 65. Kg5 Qf3 66. Kh6 Kb7 67. Kh7 Kc6 68. Kh6 Kd5 69. Kg5 Ke6 70. Kg6 Qg4+ 71. Kh6 Kf7 72. Kh7 Qh5#) 58... Kb8 59. Kc6 hxg2 60. a7+ Kxa7 61. Kc7 {[%emt 0:00:01] Weighted Error Value: White=0.29 (precise) /Black=0.55} 1-0

[Event "Romanian Team Blitz Open 2022"]
[Site "Sebes"]
[Date "2022.12.04"]
[Round "8.5"]
[White "Soltanici, Ruslan"]
[Black "Costachi, Mihnea"]
[Result "1/2-1/2"]
[ECO "C79"]
[WhiteElo "2357"]
[BlackElo "2476"]
[Annotator "TA"]
[PlyCount "54"]
[EventDate "2022.12.04"]
[EventType "blitz"]
[EventCountry "ROU"]
[SourceTitle "playchess.com"]
[Source "ChessBase"]
[SourceQuality "1"]
[TimeControl "180+2"]

1. e4 e5 2. Nf3 Nc6 3. Bb5 a6 4. Ba4 d6 5. O-O Bd7 6. c3 g6 7. d4 Bg7 8. Re1 Nf6 $1 {[%emt 0:00:01][%mdl 4] is recently more successful than 8...Nge7.} 9. Nbd2 {[%emt 0:00:18][%cal Bb1d2,Bd2f1,Bf1g3][%mdl 32] C79: Ruy Lopez: Steinitz-type lines with 3...a6 4 Ba4 Nf6 5 0-0 d6.} O-O 10. Nf1 b5 11. Bb3 exd4 {[%emt 0:00:19] [#]} 12. Nxd4 $146 ({Predecessor:} 12. cxd4 Bg4 13. Be3 Na5 14. h3 Bxf3 15. Qxf3 Nd7 16. Rad1 Qe7 17. Bd5 c6 18. Bd2 cxd5 19. Bxa5 dxe4 20. Rxe4 {½-½ (67) Vachier Lagrave,M (2784)-Nakamura,H (2736) chess24.com INT 2020}) 12... Re8 13. Ng3 Na5 14. Bc2 c5 15. Nf3 Bc6 16. Bf4 Nc4 17. Qc1 Qd7 (17... d5 $1 $15 18. Bg5 Qc7 19. Bxf6 Bxf6) 18. b3 $11 Ne5 19. Nxe5 dxe5 20. Be3 Bf8 21. h3 Qb7 22. Bg5 Nd7 23. Nf1 f6 24. Bh6 Nb6 25. Bxf8 Rxf8 26. Qe3 c4 27. b4 Rad8 {[%emt 0:00:17] Weighted Error Value: White=0.12 (very precise) /Black=0.10 (very precise)} 1/2-1/2